 Dungeon Crawl Stone Soup version 0.31-a0-700-gf13585253f (webtiles) character file.

Game seed: 18433254745666849068

42 qw the Shooter (level 3, -4/22 HPs)
             Began as a Gargoyle Hunter on Sept 7, 2023.
             Slain by Sigmund
             ... wielding a +0 scythe
              (10 damage)
             ... on level 2 of the Dungeon.
             The game lasted 00:00:30 (1492 turns).

qw the Shooter (Gargoyle Hunter)                    Turns: 1492, Time: 00:00:31

Health: -4/22      AC:  7    Str: 14    XL:     3   Next: 56%
Magic:  3/3        EV: 11    Int:  9    God:
Gold:   177        SH:  0    Dex: 15    Spells: 2/2 levels left

rFire   . . .        Y - +0 shortbow
rCold   . . .        (shield currently unavailable)
rNeg    + . .        c - +0 leather armour
rPois   inf          h - +0 helmet
rElec   +            (no cloak)
rCorr   .            (no gloves)
SInv    .            (no boots)
Will    .....        (no amulet)
Stlth   ++           (no ring)
HPRegen 0.23/turn    (no ring)
MPRegen 0.08/turn

%: no passive effects
@: no status effects
A: sickness immunity, AC +3, negative energy resistance 1, electricity
resistance, torment resistance 1, petrification resistance
a: no special abilities


You were on level 2 of the Dungeon.
You visited 1 branch of the dungeon, and saw 2 of its levels.

You collected 177 gold pieces.


Innate Abilities, Weirdness & Mutations

You are immune to sickness and miasma.
Your stone body is resilient. (AC +3)
You are immune to poison.
You resist negative energy. (rN+)
You are resistant to electric shocks. (rElec)
You are resistant to unholy torment.
You are immune to petrification.


   Skills:
 + Level 2.7 Fighting
 - Level 5.0 Ranged Weapons
 - Level 1.5 Dodging
 - Level 1.1 Stealth


You had 2 spell levels left.
You didn't know any spells.
Your spell library was empty.

Inventory:

Hand Weapons
 Y - a +0 shortbow (weapon)
Armour
 c - a +0 leather armour (worn)
 h - a +0 helmet (worn)
Scrolls
 a - a scroll of identify
Potions
 b - 2 potions of curing {unknown}
 d - a potion of resistance
 g - a potion of ambrosia {unknown}
 l - a potion of berserk rage {unknown}

Dungeon Overview and Level Annotations

Branches:
Dungeon (2/15)

Altars:

Annotations:
D:2 Sigmund


Message History

A goblin comes into view. It is wielding a +0 club.
You shoot an arrow. The arrow hits the goblin!
You kill the goblin!
A ball python comes into view.
You shoot an arrow.
The arrow hits the ball python but does no damage.
You shoot an arrow. The arrow hits the ball python.
You kill the ball python!
Found a scroll of vulnerability.
An endoplasm comes into view.
You shoot an arrow. The arrow hits the endoplasm.
The endoplasm quivers.
The endoplasm is lightly wounded.
You shoot an arrow. The arrow barely misses the endoplasm.
The endoplasm freezes you.
You are frozen.
You shoot an arrow. The arrow hits the endoplasm!
You kill the endoplasm!
You start resting.
HP restored.
You see here a scroll of vulnerability.
Found a whip.
b - 2 orange potions You see here a +0 whip.
Found a Young Poisoner's Handbook.
Found a plate armour and a whip.
Sigmund and an endoplasm come into view.
Sigmund shouts!
The endoplasm quivers.
Sigmund hits you from afar with a +0 scythe!
You shoot an arrow. The arrow hits Sigmund.
Sigmund is lightly wounded.
The endoplasm jiggles.
Sigmund hits you from afar with a +0 scythe!
You shoot an arrow. The arrow completely misses Sigmund.
You shoot an arrow. The arrow barely misses Sigmund.
Sigmund says, "Look into my eyes."
Sigmund hits you from afar with a +0 scythe!
You die...
Sigmund begins carving another notch in his scythe.

#.# #.#
#######.#######..#
..)...#.#..[.?..##
......#.#.......
......#.#?.....:
#######.########
#.# #.# #@#
#...J@..#
#########


You could see Sigmund and an endoplasm.

Vanquished Creatures
  A dart slug (D:2)
  3 bats
  4 endoplasms
  2 goblins
  8 hobgoblins
  3 jackals (D:1)
  A quokka (D:1)
  5 ball pythons
  2 frilled lizards
  4 kobolds
  2 rats (D:1)
35 creatures vanquished.

Notes
Turn   | Place    | Note
-------+----------+-------------------------------------------
     0 | D:1      | qw the Gargoyle Hunter began the quest for the Orb.
     0 | D:1      | Reached XP level 1. HP: 12/12 MP: 1/1
     0 | D:1      | 0 ||| qw: Version: 0.3-a-76-g4403597
     0 | D:1      | 0 ||| qw: Game counter: 656
     0 | D:1      | 0 ||| qw: Melee chars always use a shield: true
     0 | D:1      | 0 ||| qw: God list: Okawaru
     0 | D:1      | 0 ||| qw: Allow faded altars: false
     0 | D:1      | 0 ||| qw: Do Orc after clearing Dungeon:15 true
     0 | D:1      | 0 ||| qw: Do second Lair branch before Depths: true
     0 | D:1      | 0 ||| qw: Lair rune preference: random
     0 | D:1      | 0 ||| qw: Goals: Normal
     0 | D:1      | 0 ||| PLANNING D:1-11
   120 | D:1      | Reached XP level 2. HP: 17/17 MP: 2/2
   793 | D:1      | 793 ||| UPGRADING to +0 helmet.
   798 | D:1      | 798 ||| READING 3 scrolls labelled QESETORHEO.
   799 | D:1      | 799 ||| READING scroll labelled KUIVUNOMEO.
   800 | D:1      | 800 ||| READING 2 scrolls labelled FASMON ROKU.
   801 | D:1      | 801 ||| READING 2 scrolls labelled NAEKAY DIGE.
   802 | D:1      | 802 ||| READING scroll labelled ZERGHO YSTEL.
   803 | D:1      | 803 ||| READING 2 scrolls of identify.
   803 | D:1      | 803 ||| IDENTIFYING viscous cyan potion
   804 | D:1      | 804 ||| DROPPING scroll of butterflies.
   805 | D:1      | 805 ||| DROPPING scroll of vulnerability.
   806 | D:1      | 806 ||| DROPPING scroll of amnesia.
   946 | D:2      | Reached XP level 3. HP: 15/21 MP: 3/3
  1038 | D:2      | Reached skill level 5 in Ranged Weapons
  1244 | D:2      | Found a faded altar of an unknown god.
  1489 | D:2      | Noticed Sigmund
  1492 | D:2      | Slain by Sigmund

Levels and vault maps discovered:
D:1:      ldierk_walled_garden_2, layout_loops_ring, minmay_fountain_box,
          nrook_mini_backslash
D:2:      layout_loops_ring, shapermc_ecumenical_altar_gd,
          serial_co_window_serial, co_window_paths_b,
          co_window_of_opportunity_a, co_window_corner_a, co_window_paths_a,
          co_window_paths_a, co_window_paths_c, co_window_unsneaky_path_b,
          co_window_broadway_b, co_window_paths_e, co_window_4corner_b,
          glass_columns_a, glass_columns_b, glass_columns_a,
          wander_ebering_terrifying_dragon_lair, uniq_sigmund

Skill      XL: |  1  2  3 |
---------------+----------+-----
Ranged Weapons | 5 |  5.0
Fighting       | |  2.7
Dodging        | |  1.5
Stealth        | |  1.1

Action                     || total
---------------------------++-------
   Fire: Shortbow          ||   112
    Use: Scroll            ||     6
 Armour: Leather armour    ||    48
  Dodge: Dodged            ||    48

Table legend:
 A = Non-vault XP
 B = Vault XP
 C = Vault XP percentage of total XP
 D = Non-vault monster count
 E = Vault monster count
 F = Vault count percentage of total count
                 A         B        C        D         E       F
            +---------+---------+-------+---------+---------+-------
      Total |      61 |       0 |   0.0 |      35 |       0 |   0.0
            +---------+---------+-------+---------+---------+-------
        D:1 |      33 |       0 |   0.0 |      20 |       0 |   0.0
        D:2 |      28 |       0 |   0.0 |      15 |       0 |   0.0
            +---------+---------+-------+---------+---------+-------
